[Event "Mitropa Cup Women 2022"]
[Site "Corte"]
[Date "2022.05.03"]
[Round "4.1"]
[White "Cvitan, Ena"]
[Black "Gaal, Zsoka"]
[Result "1/2-1/2"]
[ECO "B02"]
[WhiteElo "2238"]
[BlackElo "2323"]
[Annotator "TA"]
[PlyCount "49"]
[EventDate "2022.04.30"]
[EventType "team-tourn"]
[EventCountry "FRA"]
[SourceTitle "playchess.com"]
[Source "ChessBase"]
[SourceQuality "1"]
[BlackTeam "Hungary"]
[BlackTeamCountry "HUN"]
[TimeControl "40/5400+30:1800+30"]

1. e4 Nf6 2. e5 Nd5 3. Nc3 Nb6 4. a4 a5 5. d4 d6 6. exd6 {[%emt 0:06:20] B02: Alekhine's Defence: Chase Variation and lines with early Nc3.} cxd6 (6... exd6 $11 {keeps the balance.} 7. Nf3 Be7) 7. Nf3 g6 8. Bb5+ {[%emt 0:20:20] White is slightly better.} Bd7 9. Bg5 {[%emt 0:01:44] White is more active.} Bg7 10. O-O {[%emt 0:03:31] [#]} h6 $146 ({Predecessor:} 10... O-O 11. Re1 Re8 12. Qd2 Bxb5 13. axb5 d5 14. Na4 Nxa4 15. Rxa4 Nd7 16. Rea1 Qb6 17. Rxa5 Rxa5 18. Rxa5 {1-0 (41) Sokolov,A (2563)-Krizsany,L (2437) Lenk 2003}) 11. Bf4 O-O 12. Re1 Nc6 13. h3 Rc8 14. Na2 ({White should play} 14. Ne2 $11) 14... Nb4 (14... e5 {looks sharper.} 15. dxe5 dxe5 16. Nxe5 Nxe5 17. Bxe5 Bxb5 18. Bxg7 Kxg7 19. axb5 Qxd1 20. Rexd1 Rxc2 21. Nc3 Nc4) 15. Nxb4 {[%emt 0:07:11] [#] Threatens to win with Bxd7.} Bxb5 16. axb5 axb4 17. Bd2 Nd5 18. Rc1 Qd7 19. Qe2 Rc7 (19... Qc7 $5 ) 20. c4 bxc3 $1 21. bxc3 {[%emt 0:00:11] [#] Black must now prevent c4.} Rfc8 22. c4 Nb6 23. c5 $1 dxc5 24. Bf4 e5 (24... c4 $1 $11) 25. Bxe5 {[%emt 0:00:22] Weighted Error Value: White=0.19 (very precise) /Black=0.20 (precise)} 1/2-1/2

[Event "Mitropa Cup Women 2022"]
[Site "Corte"]
[Date "2022.05.03"]
[Round "4.1"]
[White "Exler, Veronika"]
[Black "Zimina, Olga"]
[Result "0-1"]
[ECO "B10"]
[WhiteElo "2140"]
[BlackElo "2345"]
[Annotator "TA"]
[PlyCount "92"]
[EventDate "2022.04.30"]
[EventType "team-tourn"]
[EventCountry "FRA"]
[SourceTitle "playchess.com"]
[Source "ChessBase"]
[SourceQuality "1"]
[BlackTeam "Italy"]
[BlackTeamCountry "ITA"]
[TimeControl "40/5400+30:1800+30"]

1. e4 c6 2. Nf3 d5 3. Nc3 dxe4 4. Nxe4 Nf6 5. Nxf6+ exf6 6. Bc4 Bd6 7. Qe2+ Qe7 8. O-O {[%emt 0:00:18] B11: Caro-Kann: Two Knights Variation.} Qxe2 9. Bxe2 Nd7 10. d4 {[%emt 0:00:35][%cal Bd2d4,Bd4d5][%mdl 32] [#] The position is equal.} Nf8 $146 ({Predecessor:} 10... O-O 11. Bd2 Re8 12. Rfe1 Nf8 13. Bd3 Bg4 14. Rxe8 Rxe8 15. Re1 Rxe1+ 16. Nxe1 Ne6 {½-½ (16) Ghinda,M (2445)-Andersson,U (2545) Polanica Zdroj 1978}) 11. c4 Ng6 12. Rd1 Nf4 13. Bxf4 Bxf4 14. d5 c5 15. a3 Bd6 16. Bd3 O-O 17. Nd2 f5 18. Rab1 Bd7 19. b3 g6 20. Nf3 Kg7 21. Re1 Kf6 22. Re2 Rfe8 23. Rbe1 Rxe2 (23... b6 {with more complications.} 24. g3 Rxe2 25. Rxe2 Re8) 24. Rxe2 Rb8 25. a4 a6 26. Ra2 g5 27. Ne1 Rg8 28. Re2 h5 29. Nc2 h4 {[%emt 0:00:40] White is now going downhill.} 30. f3 Be5 31. Na3 (31. Ne1 $142) 31... g4 $17 {[%emt 0:06:57] Black is more active.} 32. fxg4 fxg4 33. Rf2+ (33. Kh1 $17) 33... Ke7 $19 (33... Kg7 34. Rf1 $17) 34. Re2 Kd6 35. Nc2 (35. Nb1 {keeps fighting.}) 35... f5 36. Rf2 $2 {[%emt 0:02:47] [#]} (36. Kh1) 36... f4 37. Be4 h3 38. gxh3 g3 ({Weaker is} 38... gxh3+ 39. Kf1) 39. hxg3 Rxg3+ ({And not} 39... Bxh3 40. Rf3 $17) 40. Rg2 Rxb3 {[%emt 0:05:03] ...Bf6 is the strong threat.} ({Worse is} 40... Bxh3 41. Rxg3 fxg3 42. Kh1 $17) 41. h4 Bxa4 {[%emt 0:03:12] And now ...Rc3 would win.} 42. Rg6+ Kc7 {[%emt 0:00:10] [#] Strongly threatening ...Rb1+.} 43. Rg5 $2 (43. d6+ Bxd6 44. Kf1) 43... Bc3 44. Rg2 Rb1+ 45. Kh2 $2 (45. Kf2) 45... Be5 {[%emt 0:00:43] Threatens to win with ...f3+. A strong pair of Bishops.} 46. Kh3 $2 (46. Rg5 Bc3 47. Kh3) 46... Bd7+ {[%emt 0:00:08] Weighted Error Value: White=0.57/Black=0.26 (precise)} 0-1

[Event "Mitropa Cup Women 2022"]
[Site "Corte"]
[Date "2022.05.03"]
[Round "4.2"]
[White "Brunello, Marina"]
[Black "Hapala, Elisabeth"]
[Result "1-0"]
[ECO "B85"]
[WhiteElo "2337"]
[BlackElo "2124"]
[Annotator "TA"]
[PlyCount "167"]
[EventDate "2022.04.30"]
[EventType "team-tourn"]
[EventCountry "FRA"]
[SourceTitle "playchess.com"]
[Source "ChessBase"]
[SourceQuality "1"]
[TimeControl "40/5400+30:1800+30"]

1. e4 c5 2. Nf3 e6 3. d4 cxd4 4. Nxd4 Nc6 5. Be2 Qc7 6. Nc3 a6 7. O-O Nf6 8. Be3 Be7 9. Kh1 d6 10. f4 O-O 11. Qe1 Nxd4 12. Bxd4 b5 13. a3 Bb7 14. Qg3 Rad8 15. Bd3 {[%emt 0:06:55] B85: Sicilian Scheveningen: 6 Be2 a6, lines with early Be3.} Rd7 16. Rae1 Re8 17. Nd1 {[%emt 0:09:17] White has an edge.} Qd8 18. Nf2 g6 19. Qh3 Bf8 $1 {[%emt 0:09:19] [#]} 20. f5 $146 {[%emt 0:10:24] Strongly threatening Bxf6.} ({Predecessor:} 20. Bxf6 Qxf6 21. Ng4 Qxb2 22. f5 Bg7 23. Qh4 Qc3 24. f6 Bf8 25. Re3 Qc5 26. Nh6+ {½-½ (55) Ponkratov,P (2478)-Vekshenkov,N (2420) Miass 2007}) 20... e5 (20... Bg7 $11 {remains equal.}) 21. Be3 $16 d5 {[%emt 0:01:37][%cal Rd5e4] Inhibits c4.} 22. Bg5 Be7 23. Bxf6 (23. exd5 $1 $16 Nh5 24. Bxe7 Rdxe7 25. Qf3 (25. fxg6 hxg6 26. Ng4 Qxd5 $16)) 23... Bxf6 $11 24. Ng4 {[%emt 0:00:08] Hoping for fxg6.} Bg5 (24... Bg7 $5 ) 25. exd5 $40 {[%emt 0:00:54][%mdl 128] White attacks.} Bxd5 26. Rxe5 Rxe5 27. Nxe5 Re7 (27... Rc7 $11) 28. Qg3 $14 f6 (28... Rc7 $14) 29. Nf3 Bxf3 30. Qxf3 ({White should try} 30. gxf3 Qc7 31. fxg6) 30... Kg7 $16 31. Qg4 {[%emt 0:01:09] And now fxg6 would win.} (31. Qc6 {keeps more tension.} Qd4 32. Qxa6 Qxb2 33. Qd6) 31... Rd7 32. Qe4 Qe7 33. Qxe7+ Rxe7 {[%emt 0:00:01][%mdl 4096] Endgame KRB-KRB} 34. g3 Be3 35. a4 Rb7 36. Re1 Bd4 37. Re6 Bxb2 38. Rxa6 bxa4 39. Rxa4 g5 40. Kg2 Kf7 41. Kf3 Re7 (41... h5 $11) 42. Bc4+ Ke8 43. Be6 Rc7 44. c4 Ke7 45. Ra6 Bd4 46. Ke4 Bg1 47. Ra2 (47. h4 $16) 47... Kd6 (47... h5 $14) 48. Rd2+ Ke7 49. Rg2 Ba7 50. Rb2 Kd6 51. h3 ({Better is} 51. Rd2+ $16 Ke7 52. h4) 51... Bc5 52. Rd2+ Ke7 53. Rd3 {[%emt 0:00:00] White is more active.} (53. h4 $16) 53... Bd6 54. Rb3 Rc5 55. Kd4 Rc7 (55... Kd8 $16) 56. g4 $1 $18 Bh2 {[%emt 0:02:59] [#]} 57. Kd5 $1 Ra7 58. c5 Be5 59. Kc6 Ra1 60. Rb7+ Kd8 61. Rxh7 Rc1 62. Rd7+ Ke8 63. Rb7 Rc3 64. Rb1 Rxh3 $2 (64... Bg3 65. Rb7 Bf2 66. Rb8+ Ke7) 65. Kb7 {[%emt 0:00:18] aiming for c6.} Rh7+ 66. Kb6 Bc7+ 67. Ka6 {[%emt 0:00:47] Threatens to win with c6.} Be5 68. c6 (68. Bc4 $18) 68... Kd8 $16 69. Rb3 Rh1 $2 {[%emt 0:00:33][%mdl 8192] [#]} (69... Bh2 $16 70. Kb6 Bg1+ 71. Ka6 Bh2) 70. Kb7 $2 (70. Kb6 $1 $18 {and the rest is easy. Rd3+ would kill now.} Rd1 71. Rh3) 70... Rc1 $2 (70... Rh7+ $16 71. Kb6 Bd4+ 72. Ka6 Be5) 71. Rd3+ $18 Ke8 72. Bb3 Ke7 73. Rd7+ Ke8 74. Rh7 Rb1 75. Rh3 Rc1 76. Rh8+ Ke7 77. Rh7+ Kd8 78. Rd7+ Ke8 79. Bf7+ Kf8 80. c7 Rb1+ 81. Ka6 Ra1+ 82. Kb5 Rb1+ 83. Ka4 (83. Kc5 $142 Bxc7 84. Rxc7 Re1 85. Bd5 Rg1 86. Rf7+ Kg8 87. Rxf6+ Kh8 88. Rf8+ Kg7 89. Rf7+ Kh6 90. f6) 83... Ra1+ 84. Kb3 {[%emt 0:00:25] Weighted Error Value: White=0.16 (very precise) /Black=0.28 (precise)} (84. Kb4 $142 Bxc7 85. Rxc7) 1-0

[Event "Mitropa Cup Women 2022"]
[Site "Corte"]
[Date "2022.05.03"]
[Round "4.2"]
[White "Mihok-Juhasz, Barbara"]
[Black "Medic, Mirjana"]
[Result "1/2-1/2"]
[ECO "C11"]
[WhiteElo "2202"]
[BlackElo "2167"]
[Annotator "TA"]
[PlyCount "181"]
[EventDate "2022.04.30"]
[EventType "team-tourn"]
[EventCountry "FRA"]
[SourceTitle "playchess.com"]
[Source "ChessBase"]
[SourceQuality "1"]
[WhiteTeam "Hungary"]
[BlackTeam "Croatia"]
[WhiteTeamCountry "HUN"]
[BlackTeamCountry "CRO"]
[TimeControl "40/5400+30:1800+30"]

1. e4 e6 2. d4 d5 3. Nc3 Nf6 4. e5 Nfd7 5. f4 a6 6. Nf3 c5 7. Be3 Nc6 8. a3 b5 {[%emt 0:03:50] C11: French: Classical System: 4 e5 and 4 Bg5 dxe4.} (8... cxd4 {seems wilder.} 9. Nxd4 Bc5 10. Qd2 Qc7) 9. dxc5 Bxc5 10. Bxc5 Nxc5 11. b4 Nd7 12. Bd3 Qb6 13. Qd2 Bb7 14. Qf2 {[%emt 0:00:20] [#]} h6 $146 ({Predecessor:} 14... Rc8 15. Ne2 Qxf2+ 16. Kxf2 Nb6 17. Ned4 Na4 18. Nxc6 Bxc6 19. Nd4 Ke7 20. Rhe1 Bd7 {0-1 (42) Vujakovic,B (2353)-Kovacevic,V (2467) Bol 2015}) 15. h4 Qxf2+ 16. Kxf2 Nb6 17. Rhb1 {[%emt 0:15:06] White is more active.} Kd7 18. a4 Nxa4 19. Nxa4 bxa4 20. Rxa4 Kc7 21. Rba1 Kb6 22. c3 a5 23. bxa5+ $1 Rxa5 24. Rxa5 Nxa5 25. Nd4 Ra8 26. Rb1+ Kc7 27. Nb5+ Kd7 28. Ra1 (28. Nd6 $14 Bc6 29. Nxf7) 28... Nb3 {[%emt 0:06:08] The position is equal.} 29. Rxa8 Bxa8 $11 {[%emt 0:00:01][%mdl 4096] Endgame KBN-KBN} 30. Ke3 Bc6 31. Nd4 Nxd4 32. Kxd4 {[%emt 0:00:07] KB-KB} Ba4 33. Kc5 Bd1 34. f5 Ke7 35. Kd4 Bg4 36. fxe6 $1 fxe6 37. Kc5 Bd1 38. Kc6 Ba4+ 39. Kc7 Bd1 40. Kb6 Kd7 41. Kc5 Ke7 42. Kd4 Kf7 43. Ke3 Bg4 44. Kf4 Bd1 45. g4 Bb3 46. Be2 Bc2 47. g5 Bg6 48. Bb5 Bh5 49. Ba4 Be2 50. Bc2 Bh5 51. Bd3 Bd1 52. Ba6 Bh5 53. Bf1 Bd1 54. Bh3 Bc2 55. Bg4 Bd3 56. Bh5+ Ke7 57. Bd1 Kf7 58. Kg4 Bf5+ 59. Kh5 Bg6+ 60. Kg4 Bf5+ 61. Kf4 Bd3 62. Bf3 Kg6 63. gxh6 gxh6 64. Ke3 Bc2 65. Kf4 Bd3 66. Bg4 Kf7 67. Bh5+ Ke7 68. Bd1 Kf7 69. Ke3 Bf5 70. Kd4 Ke7 71. Kc5 Bd3 72. Ba4 Bf5 73. Kd4 Kf7 74. Ke3 Bg4 75. Kf4 Bh5 76. Bc2 Ke7 77. Ke3 Kd7 78. Kd4 Ke7 79. Kc5 Bf3 80. Bg6 Be2 81. Kd4 Bd1 82. Ke3 Bg4 83. Kf4 Be2 84. Bc2 Bh5 85. Bd3 Kd7 86. Bb5+ Ke7 87. Bf1 Kf7 88. c4 dxc4 89. Bxc4 Ke7 90. Ke3 Bg4 91. Ke4 {Weighted Error Value: White=0.04 (flawless) /Black=0.03 (flawless)} 1/2-1/2

[Event "Mitropa Cup Women 2022"]
[Site "Corte"]
[Date "2022.05.03"]
[Round "4.2"]
[White "Nemcova, Karin"]
[Black "Nadzamova, Viktoria"]
[Result "1-0"]
[ECO "D02"]
[WhiteElo "2181"]
[BlackElo "2117"]
[Annotator "TA"]
[PlyCount "69"]
[EventDate "2022.04.30"]
[EventType "team-tourn"]
[EventCountry "FRA"]
[SourceTitle "playchess.com"]
[Source "ChessBase"]
[SourceQuality "1"]
[TimeControl "40/5400+30:1800+30"]

1. d4 Nf6 2. Nf3 e6 3. Bf4 d5 4. e3 c5 5. Bd3 c4 6. Be2 {[%emt 0:00:12] D02: 1 d4 d5 2 Nf3 sidelines, including 2...Nf6 3 g3 and 2...Nf6 3 Bf4.} Be7 7. Nbd2 b5 8. c3 {[%emt 0:01:30] The position is equal.} Nc6 {[%emt 0:01:40] [#]} 9. Ne5 $146 ({Predecessor:} 9. O-O O-O 10. b4 a5 11. a4 axb4 12. axb5 Rxa1 13. Qxa1 bxc3 14. Nxc4 dxc4 15. bxc6 {1-0 (44) Cativelli,G (2193)-De la Cruz Navarro,M (1806) Buenos Aires 2020}) 9... Bb7 10. O-O O-O 11. Nxc6 Bxc6 12. Qc2 a5 13. Bf3 Ra6 14. e4 dxe4 15. Nxe4 Nd5 16. Bd2 f5 17. Ng3 g5 (17... Qd7 $15 {was preferrable.}) 18. h3 Be8 19. Bxd5 ({Better is} 19. b3 $14) 19... Qxd5 $15 20. f4 g4 21. hxg4 Bc6 22. Rf2 Bh4 {[%emt 0:02:17] This bishop pair is nice.} 23. Kh2 fxg4 24. Re1 Qd7 25. Re5 Bf6 26. Rh5 Qg7 27. f5 $1 Be8 28. Bh6 $1 Qc7 29. Bxf8 {[%emt 0:08:21][%cal Of5e6] Hoping for fxe6!} Bxh5 {[%emt 0:00:09] [#]} 30. Bh6 $1 $36 {[%emt 0:03:09][%mdl 2048] Black must now prevent fxe6. White has strong initiative.} ({Don't go for} 30. fxe6 $2 Bh4 31. Kg1 Qxg3 $19) 30... exf5 {[%emt 0:08:11][%mdl 8192] Loses the game.} (30... Bh4 $16 31. Bf4 Qf7) 31. Qxf5 Bg6 32. Qxb5 (32. Qd5+ Qf7 {[#]} 33. Rxf6 $1 Rxf6 34. Qd8+ Qf8 35. Bxf8 (35. Qxf8+ Rxf8 36. Bxf8 Kxf8 $14) 35... Rxf8 36. Qd5+ Rf7 37. Qxb5) 32... Re6 $18 33. Qd5 {[%emt 0:00:28] Really sharp!} Bf7 {[%emt 0:00:35] [#]} (33... Qe7 34. Rf4 Kh8 35. Rxg4 Qd6 36. Qxa5 Qb6 37. Qa8+ Qd8) 34. Rxf6 $1 {[%emt 0:01:18][%mdl 512] White wants to mate with Qg5+.} Ra6 (34... Qe7 35. Qg5+) 35. Qg5+ {[%emt 0:00:16] Weighted Error Value: White=0.20 (precise) /Black=0.60} 1-0

[Event "Mitropa Cup Women 2022"]
[Site "Corte"]
[Date "2022.05.03"]
[Round "4.3"]
[White "Radikovic, Anamarija"]
[Black "Demeter, Dorina"]
[Result "1-0"]
[ECO "C84"]
[WhiteElo "2133"]
[BlackElo "2235"]
[Annotator "TA"]
[PlyCount "83"]
[EventDate "2022.04.30"]
[EventType "team-tourn"]
[EventCountry "FRA"]
[SourceTitle "playchess.com"]
[Source "ChessBase"]
[SourceQuality "1"]
[BlackTeam "Hungary"]
[BlackTeamCountry "HUN"]
[TimeControl "40/5400+30:1800+30"]

1. e4 e5 2. Nf3 Nc6 3. Bb5 a6 4. Ba4 Nf6 5. Nc3 Be7 6. O-O b5 7. Bb3 d6 8. a4 $1 {[%emt 0:13:04][%cal Ba2a4,Ba4b5][%mdl 4] is currently scoring better than 8.Nd5.} Bg4 {[%emt 0:05:10] C84: Closed Ruy Lopez: Unusual White 6th moves.} 9. axb5 Nd4 {[%emt 0:02:46] [#]} 10. Bd5 $146 ({Predecessor:} 10. Bc4 Bxf3 11. gxf3 O-O 12. Nd5 Nh5 13. f4 Nxf4 14. bxa6 Bg5 15. Nxf4 Bxf4 16. h3 {½-½ (30) Braeuer,F (2428)-Amin,B (2683) Germany 2022}) 10... Qc8 (10... Bxf3 $11 {remains equal.} 11. gxf3 Nxd5 12. Nxd5 Nxb5) 11. Bc6+ (11. Bxa8 $16 Qxa8 12. d3 (12. bxa6 Nxe4 13. Nxe4 Qxe4 $18) (12. Rxa6 Qc8 $16)) 11... Kf8 $1 $11 (11... Nxc6 12. bxc6 O-O 13. d4 $16) 12. Nd5 Nxd5 (12... Nxc6 $15 {keeps the upper hand.} 13. Nxf6 Bxf3 14. gxf3 Nd4) 13. Bxd5 $16 (13. exd5 $2 Nxc6 14. dxc6 (14. bxc6 $2 e4 $19) 14... e4 $19) 13... Bxf3 14. gxf3 Bg5 (14... Rb8 $142) 15. f4 (15. Bxa8 Qh3 16. d3 (16. Ra3 $2 Bf4 17. Re1 Qxh2+ 18. Kf1 Qh1#) 16... Bxc1 17. Rxc1 h5 $19) (15. Kg2 $16 c6 16. bxc6) 15... Bxf4 $14 {[%emt 0:05:07][%cal Oc8h3] ( -> ...Qh3!)} 16. Ra3 {[%emt 0:05:41] Against Qh3} (16. Bxa8 $2 Qh3 17. Re1 Qxh2+ 18. Kf1 Qh1#) (16. Kg2 $1 $14) 16... Nxb5 $17 17. Rg3 c6 18. Ba2 Bxg3 19. fxg3 f6 20. c3 d5 $2 (20... Qd7 $17 {keeps the pressure on. ...Rb8 is the strong threat.} 21. d3 Ke8) 21. d4 $1 $16 exd4 {[%emt 0:00:48] Threatens to win with ...Qe6.} 22. e5 h5 {[%emt 0:09:20] White must now prevent ...Qg4.} 23. c4 Nc7 $2 (23... Qg4 $1 $14 24. Qd2 h4 25. exf6 hxg3 26. Qb4+ Kg8 27. f7+ Kh7 28. Bb1+ g6) 24. Qxd4 Ne6 25. Qh4 (25. Qd3 $18) 25... Rb8 26. exf6 g5 27. Bxg5 {[%emt 0:01:12] And now Bf4 would win. White is more active.} Rxb2 $2 {[%emt 0:00:50][%mdl 8192] [#] White stays focused until the end.} ({Better is} 27... Qc7 $14) 28. f7 $1 $18 Qb7 {[%emt 0:04:21] [#] Against Be7+} (28... Rxa2 29. Be7+ Kg7 30. cxd5 Qb8 31. dxe6 Qb6+ 32. Kh1 Rf2 33. Bf6+ Kf8 34. Rxf2) (28... Nxg5 $2 {[#]} 29. Qd4 $1 Ke7 30. Qxb2 $18) (28... Qc7 29. Be3) 29. Be3 $1 {[%emt 0:01:30] Qf6 would kill now. The board is on fire.} Qe7 (29... Rxa2 {gets mated.} 30. Qf6) 30. Qxe7+ Kxe7 31. cxd5 cxd5 (31... Re2 {was necessary.}) 32. Bxd5 Rf8 33. Bc1 {[%emt 0:00:34] This bishop pair is nice.} Rb6 (33... Rc2 $142 34. Ba3+ Nc5) 34. Ba3+ {[%emt 0:00:27][%mdl 64] Skewer} Rd6 35. Re1 {[%emt 0:00:10] White wants to mate with Rxe6+.} Kd7 36. Bxd6 {[%emt 0:00:07] White mates.} Kxd6 37. Bxe6 {[%emt 0:00:04] KRB-KR} Ke7 38. Bc4+ Kf6 39. Re8 Kg7 40. Re5 Kg6 41. h4 Rc8 {[%emt 0:05:20] [#]} 42. Re8 $1 {[%emt 0:00:00] Weighted Error Value: White=0.35/Black=0.65} 1-0

[Event "Mitropa Cup Women 2022"]
[Site "Corte"]
[Date "2022.05.03"]
[Round "4.3"]
[White "Mayrhuber, Nikola"]
[Black "Sedina, Elena"]
[Result "1-0"]
[ECO "D78"]
[WhiteElo "2110"]
[BlackElo "2258"]
[Annotator "TA"]
[PlyCount "61"]
[EventDate "2022.04.30"]
[EventType "team-tourn"]
[EventCountry "FRA"]
[SourceTitle "playchess.com"]
[Source "ChessBase"]
[SourceQuality "1"]
[BlackTeam "Italy"]
[BlackTeamCountry "ITA"]
[TimeControl "40/5400+30:1800+30"]

1. d4 d5 2. c4 c6 3. Nf3 Nf6 4. Nc3 dxc4 5. g3 g6 6. Bg2 Bg7 7. O-O O-O 8. e4 b5 9. Qe2 {[%emt 0:00:31] The modern move. D78: Fianchetto Grünfeld: 6 0-0 c6.} Na6 {[%emt 0:14:58] [#]} 10. Rd1 $146 ({Predecessor:} 10. a4 b4 11. Nb1 Nc7 12. Bf4 a5 13. Qxc4 Ba6 14. Qxc6 Bxf1 15. Bxc7 Qc8 16. Bxf1 {1-0 (40) Morozli,G (1652)-Krejcok,T (1561) Kouty nad Desnou 2015}) 10... Bg4 11. h3 {[%emt 0:01:12] The position is equal.} Bxf3 12. Bxf3 Nc7 (12... Nb4 $142) 13. a4 e6 {[%emt 0:06:42] [#]} (13... a6 $11) 14. Bg5 $1 $16 {[%emt 0:09:02] Black must now prevent e5.} Qd7 15. axb5 Nxb5 16. Nxb5 (16. Qxc4 $18 {aiming for Bxf6.} Nxc3 17. bxc3 (17. Qxc3 Rab8 $16)) 16... cxb5 17. Bxf6 Bxf6 18. e5 Be7 19. Bxa8 Rxa8 20. Qe4 Rd8 21. h4 {[%emt 0:05:19] White is more active.} (21. Kg2 $16) 21... Kg7 (21... Bb4 $11) 22. h5 $36 {[%emt 0:02:02][%mdl 2048] Black is under strong pressure.} h6 $2 {[%emt 0:02:22][%mdl 8192] Loses the game.} (22... gxh5 $16 {is a better chance.} 23. Ra5 Qd5) 23. hxg6 $18 fxg6 24. Ra6 {[%emt 0:01:14][%cal Od4d5,Ba1a6,Ba6c6,Bc6e6,Be6f6,Bf6g6][%mdl 32] [#] And now d5! would win.} Bc5 25. Rc6 Qb7 26. Qf3 {[%emt 0:07:31] White wants to mate with Qf6+.} Rf8 {[%emt 0:00:05] Against Qf6+} 27. Qg2 Bb6 28. Rxe6 Qd7 29. Qc6 Qf7 30. Rf6 Qe7 31. Rxg6+ {[%emt 0:00:17] Weighted Error Value: White=0.13 (very precise) /Black=0.91} 1-0

[Event "Mitropa Cup Women 2022"]
[Site "Corte"]
[Date "2022.05.03"]
[Round "4.3"]
[White "Sankova, Stella"]
[Black "Sikorova, Olga"]
[Result "1-0"]
[ECO "B43"]
[WhiteElo "2066"]
[BlackElo "2179"]
[Annotator "TA"]
[PlyCount "73"]
[EventDate "2022.04.30"]
[EventType "team-tourn"]
[EventCountry "FRA"]
[SourceTitle "playchess.com"]
[Source "ChessBase"]
[SourceQuality "1"]
[TimeControl "40/5400+30:1800+30"]

1. e4 c5 2. Nf3 e6 3. d4 cxd4 4. Nxd4 a6 5. Nc3 b5 6. a3 Qc7 7. Be3 Bb7 8. Be2 Nf6 {[%emt 0:00:46] B43: Sicilian: Kan Variation: 5 Nc3.} 9. Bf3 Nc6 10. Nxc6 Bxc6 {[%emt 0:01:22] Black has an edge.} 11. Qd4 Bd6 {[%emt 0:14:40] [#] Prevents e5.} 12. Rd1 $146 ({Predecessor:} 12. h4 Be5 13. Qd2 Rc8 14. Bd4 d6 15. Bxe5 dxe5 16. Rd1 a5 17. Qe2 Qb7 18. b4 axb4 19. axb4 {0-1 (40) Vazquez,F-Duarte,L (2361) Trevelin 2014}) 12... Be5 13. Qd3 O-O 14. Bc5 (14. Bd4 $1 $11) 14... Rfc8 $17 {[%emt 0:10:41] Hoping for ...Bxc3+.} 15. Bd4 a5 16. Nxb5 (16. Bxe5 $142 Qxe5 17. Qd4 Qxd4 18. Rxd4) 16... Bxb5 {[%emt 0:00:23][%mdl 64] Discovered Attack} 17. Qxb5 Bxd4 18. Rxd4 {[%emt 0:00:01] [#]} Rab8 $1 ({Don't play} 18... Qxc2 $6 19. O-O $11) 19. Qg5 Rxb2 (19... Qxc2 20. e5 Nd5 21. O-O $15) 20. O-O e5 ({Weaker is} 20... Rxc2 21. e5 Rc5 22. Re1 $17) (20... Qxc2 21. Qxa5 d5 22. exd5 $11) 21. Rd2 h6 22. Qf5 Qb8 23. h4 (23. Bd1 $142) 23... Rc6 ({Worse is} 23... Rbxc2 24. Rxc2 Rxc2 25. g4) 24. Bd1 Qe8 25. Re1 g6 26. Qf3 Qe7 27. g4 Rc4 28. Qg2 (28. Kf1 $17) 28... Ra2 29. Rd3 Rxa3 {Threatens to win with ...Ra1.} 30. Ree3 $2 (30. g5 $17 hxg5 31. h5) 30... Rxd3 $19 31. cxd3 Rc1 32. Qf3 Qe6 {[%emt 0:00:51] ...Nxg4 is the strong threat.} 33. Kg2 g5 34. hxg5 {[%emt 0:01:05] [#]} hxg5 (34... Nh7 $1 $19 35. g6 Qxg6) 35. Bb3 $1 $11 Qd6 (35... Qxb3 $11 {and Black is okay.} 36. Qxf6 Qd1 37. Qxg5+ Kf8) 36. Qf5 $18 {[%emt 0:00:43] Qg6+ would kill now.} Rc3 (36... Kf8 $18 37. Bc4 Qb6 38. Qxg5 Nh7 39. Qxe5 Qf6 40. Qxa5 Kg7) 37. Qg6+ {[%emt 0:01:12] Never resign too early!  Weighted Error Value: White=0.39/Black=0.81} 1-0

[Event "Mitropa Cup Women 2022"]
[Site "Corte"]
[Date "2022.05.03"]
[Round "4.4"]
[White "Koubova, Anna Marie"]
[Black "Sevcikova, Lucia"]
[Result "0-1"]
[ECO "A09"]
[WhiteElo "2152"]
[BlackElo "2030"]
[Annotator "TA"]
[PlyCount "78"]
[EventDate "2022.04.30"]
[EventType "team-tourn"]
[EventCountry "FRA"]
[SourceTitle "playchess.com"]
[Source "ChessBase"]
[SourceQuality "1"]
[TimeControl "40/5400+30:1800+30"]

1. Nf3 d5 2. c4 d4 3. e3 c5 4. b4 dxe3 5. fxe3 cxb4 6. d4 e6 7. Bd3 {[%emt 0:01:20] A09: Réti Opening: 1 Nf3 d5 2 c4.} Nc6 8. O-O Nf6 9. Bb2 {[%emt 0:09:46][%mdl 1024] White has compensation. White has an edge.} Be7 10. e4 O-O {[%emt 0:03:35] [#]} 11. Bc2 $146 (11. e5 $14) ({Predecessor:} 11. e5 Ne8 12. d5 Bc5+ 13. Kh1 Ne7 14. d6 Nf5 15. Qd2 f6 16. Bxf5 {1-0 (16) Obolenskikh,D (2446)-Kiselev,S (2434) Irkutsk 2008}) 11... g6 (11... e5 {looks sharper.} 12. d5 Qb6+ 13. Kh1 Ng4) 12. e5 Ne8 13. Kh1 Na5 14. Qd3 (14. Nbd2 $11) 14... Nc7 15. Nbd2 b6 16. Nb3 (16. Qe2 $11 {deserves consideration.}) 16... Ba6 (16... Nxc4 {feels hotter.} 17. Qxc4 Ba6 18. Qc6 Bxf1 19. Rxf1 Nd5) 17. Nxa5 bxa5 18. Bb3 Qd7 {[%emt 0:04:41] ...a4 is the strong threat.} 19. Qc2 Rac8 20. Ba4 Qd8 21. Rac1 $2 {[%emt 0:03:40] [#] White does not recover from this.} ({White should try} 21. Rf2 $15) 21... Nd5 $1 $19 22. Qb3 Nb6 23. c5 Bxf1 24. Rxf1 Nxa4 25. Qxa4 Qc7 26. Nd2 (26. Bc1 {was necessary.}) 26... f6 27. exf6 Rxf6 28. Rxf6 Bxf6 29. Ne4 $2 (29. Nf3) 29... Qf4 {[%emt 0:05:01][%cal Rf4f1] [#]} 30. Nxf6+ Qxf6 {[%emt 0:00:03][%cal Rf6f1][%mdl 4096] Endgame KQR-KQB} 31. h3 Qf5 32. Qd7 Rf8 {[%emt 0:01:09] Threatens to win with ...Qb1+.} 33. c6 Qd5 {[%emt 0:02:39] White must now prevent ...Qxd7.} ({Inferior is} 33... Qb1+ 34. Kh2 Qxa2 35. c7 Qxb2 36. Qxe6+ Kg7 37. Qe7+ Kg8 38. Qe6+ Kh8 39. Qe5+ Kg8 40. Qe6+ $11) 34. Qe7 Rf7 ({Stronger than} 34... Qxa2 35. Bc1 Rf1+ 36. Kh2 $11) 35. Qe8+ Kg7 {[%emt 0:00:42] ( -> ...Rf1+)} 36. Bc1 Rf1+ {[%emt 0:00:27] Black mates.} 37. Kh2 Qd6+ 38. g3 Rf2+ 39. Kh1 Qd5+ {[%emt 0:00:03] Weighted Error Value: White=0.43/Black=0.11 (very precise)} 0-1